 Dungeon Crawl Stone Soup version 0.26-a0-812-g31a745ddcd (webtiles) character file.

Game seed: 13114371456827103816

205 proaralyst the Covered (level 5, -4/47 HPs)
             Began as a Minotaur Fighter on Dec 8, 2020.
             Was an Initiate of Trog.
             Killed by divine providence
             ... invoked by an orc priest
              (15 damage)
             ... on level 4 of the Dungeon.
             The game lasted 00:29:32 (3957 turns).

proaralyst the Covered (Minotaur Fighter)           Turns: 3957, Time: 00:29:33

Health: -4/47      AC:  9    Str: 21    XL:     5   Next: 52%
Magic:  4/4        EV: 23    Int:  5    God:    Trog [......]
Gold:   149        SH:  0    Dex: 10    Spells: 4/4 levels left

rFire    . . .     SeeInvis .   a - +0 war axe
rCold    . . .     Faith    .   (no shield)
rNeg     + . .     Spirit   .   j - +0 chain mail
rPois    .         Reflect  .   (helmet restricted)
rElec    .         Harm     .   (no cloak)
rCorr    .         Rampage  .   (no gloves)
MR       .....                  (no boots)
Stlth    ..........             x - amulet of the acrobat
HPRegen  0.15/turn              o - ring of positive energy
MPRegen  0.09/turn              (no ring)

@: acrobat, hasted, very quick
A: retaliatory headbutt, horns 2
a: Renounce Religion


You were on level 4 of the Dungeon.
You worshipped Trog.
Trog was noncommittal.
You visited 2 branches of the dungeon, and saw 5 of its levels.

You collected 149 gold pieces.

Inventory:

Hand Weapons
 a - a +0 war axe (weapon)
 f - a +0 spear of venom
Missiles
 s - 15 poisoned darts (quivered)
Armour
 c - a +0 kite shield
 j - a +0 chain mail (worn)
Jewellery
 o - a ring of positive energy (left hand)
 x - an amulet of the acrobat (around neck)
Scrolls
 e - a scroll of noise {unknown}
 h - a scroll of remove curse
 i - 2 scrolls of fog
 n - a scroll of fear {unknown}
 p - a scroll of amnesia {unknown}
 u - a scroll of enchant armour {unknown}
 v - a scroll of teleportation {unknown}
Potions
 d - 3 potions of might
 g - a potion of haste
 k - a potion of magic {unknown}
 l - 2 potions of lignification
 m - 4 potions of curing
 q - a potion of heal wounds {unknown}
 t - a potion of cancellation {unknown}
 w - a potion of berserk rage {unknown}
 z - 2 potions of flight {unknown}


   Skills:
 + Level 4.9 Fighting
 * Level 4.6 Axes
 + Level 4.9 Armour
 + Level 1.4 Dodging
 - Level 3.8 Shields


You had 4 spell levels left.
You didn't know any spells.
Your spell library was empty.

Dungeon Overview and Level Annotations

Branches:
Dungeon (4/15)             Temple (1/1) D:4

Altars:
Ashenzari
Dithmenos
Elyvilon
Fedhas
Gozag
Kikubaaqudgha
Qazlal
Ru
Sif Muna
Trog
Uskayaw
Wu Jian
Xom
Yredelemnul
The Shining One


Innate Abilities, Weirdness & Mutations

You reflexively headbutt those who attack you in melee.
You have a pair of horns on your head.


Message History

You completely miss the ogre.
The ogre is lightly wounded.
The ogre hits you with a +0 giant club!
As you read the scroll of fog, it crumbles to dust.
The scroll dissolves into smoke.
The ogre hits you with a +0 giant club.
* * * LOW HITPOINT WARNING * * *
You feel yourself speed up. The ogre barely misses you.
An orc priest comes into view.
The orc priest shouts!
An orc comes into view. It is wielding a +0 dagger.
The orc shouts!
You hear a shout!
Found a scroll of identify.
An orc comes into view. It is wielding a +0 war axe.
The orc priest mumbles some strange prayers to Beogh against you.
Pain shoots through your body!
* * * LOW HITPOINT WARNING * * *
The orc priest looks braver for a moment.
The orc priest calls down the wrath of Beogh upon you.
Beogh smites you!
You die...

#.# #..##.....##..###
#..............o....# #...
#.........##..# #..#
##..._.O.## #..#
#...##†........##...oo
#..................##.#
####..##.....##..### .#
#†###..#..###.#
#.##.@###..##...
#.....###.....### #
#.##...#......# #
#######.##..........# #
#.......##..........#
######.#####.<...........#
....[.....##.#####....###
######.##.##..........#
######.......######...#


You could see an ogre and an orc priest.

Vanquished Creatures
  A worker ant (D:4)
  8 adders
  An ooze (D:3)
  4 leopard geckos
  2 orcs (D:3)
  2 ball pythons
  11 bats
  6 giant cockroaches
  10 goblins
  13 hobgoblins
  10 jackals (D:2)
  8 kobolds
  A quokka (D:3)
  5 frilled lizards
  10 rats
92 creatures vanquished.

Vanquished Creatures (others)
  A plant (Temple)
1 creature vanquished.

Grand Total: 93 creatures vanquished

Notes
Turn   | Place    | Note
-------+----------+-------------------------------------------
     0 | D:1      | proaralyst the Minotaur Fighter began the quest for the
                  | Orb.
     0 | D:1      | Reached XP level 1. HP: 19/19 MP: 0/0
   178 | D:1      | Reached XP level 2. HP: 27/27 MP: 1/1
   439 | D:1      | Reached XP level 3. HP: 31/33 MP: 2/2
  1041 | D:2      | Found a stormy altar of Qazlal.
  1061 | D:2      | Reached skill level 1 in Dodging
  1215 | D:2      | Reached XP level 4. HP: 40/40 MP: 3/3
  2090 | D:3      | Reached XP level 5. HP: 44/47 MP: 4/4
  2614 | D:3      | Found a blossoming altar of Fedhas.
  3246 | D:4      | Found a staircase to the Ecumenical Temple.
  3253 | Temple   | Entered the Ecumenical Temple
  3559 | Temple   | Became a worshipper of Trog the Wrathful
  3695 | D:4      | Found a glowing golden altar of the Shining One.
  3903 | D:4      | Found a shadowy altar of Dithmenos.
  3937 | D:4      | Noticed an ogre
  3957 | D:4      | Killed from afar by an orc priest

Illustrated notes

Levels and vault maps discovered:
D:1:      scummos_arrival_simple_fountains, layout_loops_ring
D:2:      layout_basic, nicolae_qazlal_general_emergency
D:3:      layout_loops_ring, minmay_misc_feat_more_columns, chequers_avenue,
          chequers_serial_rivers_micro_e, fedhas_altar_4
D:4:      layout_loops_cross, nicolae_dithmenos_shadow_blocks,
          lemuel_crystal_altar, nicolae_overflow_hidden_temple,
          minmay_temple_entry_hall
Temple:   minmay_temple_forest_path

Skill      XL: |  1  2  3  4 |
---------------+-------------+-----
Armour         | 4 |  4.9
Fighting       | 4 |  4.9
Dodging        | 1 |  1.4
Axes           | 3 4 |  4.6
Shields        | |  3.8

Action                   |  1- 3 |  4- 6 || total
-------------------------+-------+-------++-------
Melee: War axe           |    83 |   109 ||   192
       Headbutt          |    16 |    20 ||    36
  Use: Scroll            |       |     6 ||     6
       Potion            |       |     1 ||     1
Armor: Scale mail        |    51 |    48 ||    99
       Chain mail        |       |     2 ||     2
Dodge: Dodged            |    32 |    64 ||    96
Block: Kite shield       |     7 |       ||     7

Table legend: (Time is in decaauts)
 A = Elapsed time spent in this place.
 B = Non-inter-level travel time spent in this place.
 C = Inter-level travel time spent in this place.
 D = Time resting spent in this place.
 E = Time spent auto-exploring this place.
 F = Levels seen in this place.
 G = Mean time per level.
                   A        B        C        D        E       F      G
               +--------+--------+--------+--------+--------+-----+--------+
         Total |   4019 |   3966 |     53 |    503 |   1177 |   5 |  803.8 |
       Dungeon |   3585 |   3532 |     53 |    503 |    955 |   4 |  896.2 |
        Temple |    434 |    434 |      0 |      0 |    222 |   1 |  434.0 |
               +--------+--------+--------+--------+--------+-----+--------+

Top non-repeatable levels by time:
     D:3: 1262 daAuts
     D:2: 1228 daAuts
     D:1: 746 daAuts
  Temple: 434 daAuts
     D:4: 348 daAuts
